 Dungeon Crawl Stone Soup version 0.16-a0-2818-g1ef6e07 (webtiles) character file.

175 MDvedh the Firebug (level 5, -3/28 HPs)
             Began as a Deep Elf Fire Elementalist on Nov 28, 2014.
             Killed by nerve-wracking pain
             ... invoked by Grinder
              (10 damage)
             ... on level 4 of the Dungeon.
             The game lasted 00:09:48 (3568 turns).

MDvedh the Firebug (Deep Elf Fire Elementalist)     Turns: 3568, Time: 00:09:48

Health: -3/28      AC:  2    Str:  5    XL:     5   Next: 29%
Magic:  3/18       EV: 13    Int: 21    God:
Gold:   159        SH:  0    Dex: 15    Spells: 3 memorised, 4 levels left

rFire  . . .     SeeInvis .     (no weapon)
rCold  . . .     Clarity  .     a - +0 robe
rNeg   . . .     SustAb   .     (no shield)
rPois  .         Gourm    .     (no helmet)
rElec  .         Spirit   .     (no cloak)
rCorr  .         Warding  .     (no gloves)
rMut   .         Stasis   .     (no boots)
MR     .....                    (no amulet)
Stlth  ++........               (no ring)
                                (no ring)

@: very slightly contaminated, not resistant to hostile enchantments, unstealthy
A: no striking features
a: no special abilities


You were on level 4 of the Dungeon.
You were not hungry.

You visited 1 branch of the dungeon, and saw 4 of its levels.

You collected 159 gold pieces.

Inventory:

Armour
 a - a +0 robe (worn)
Scrolls
 e - 4 scrolls of identify {unknown}
 h - a scroll of recharging {unknown}
 i - a scroll of magic mapping {unknown}
 m - a scroll of noise {unknown}
 o - a scroll of blinking {unknown}
 p - 3 scrolls of enchant armour {unknown}
 r - a scroll of remove curse {unknown}
 v - a scroll of teleportation {unknown}
Potions
 f - a potion of curing {unknown}
 g - 2 potions of resistance {unknown}
 k - 2 potions of invisibility {unknown}
 l - a potion of poison {unknown}
 n - a potion of might {unknown}
 q - a potion of flight {unknown}
 s - 2 potions of restore abilities {unknown}
 t - a potion of heal wounds {unknown}
 u - a potion of confusion {unknown}
Books
 b - a book of Flames

   Spells                             Type                      Level
   *Flame Tongue                      Conjuration/Fire             1
   Throw Flame                        Conjuration/Fire             2
   *Conjure Flame                     Conjuration/Fire             3
   Inner Flame                        Hexes/Fire                   3
   *Sticky Flame                      Conjuration/Fire             4
   Fireball                           Conjuration/Fire             5
Comestibles
 c - a bread ration
 d - 8 fruits
 j - 2 meat rations


   Skills:
 - Level 2.4 Dodging
 - Level 2.4 Stealth
 - Level 4.0 Spellcasting
 + Level 3.6 Conjurations
 + Level 5.0 Fire Magic


You had 4 spell levels left.
You knew the following spells:

 Your Spells              Type           Power        Failure   Level  Hunger
a - Flame Tongue          Conj/Fire      ###..        1%          1    None
b - Conjure Flame         Conj/Fire      ###.....     10%         3    ###....
c - Sticky Flame          Conj/Fire      ###.....     24%         4    ####...


Dungeon Overview and Level Annotations

Branches:
Dungeon (4/15)
 Temple: D:4-7

Altars:
Gozag
Ru
Xom

Annotations:
D:4 Grinder


Message History

Grinder is heavily wounded.
Grinder is covered in liquid flames!
Grinder burns!
Grinder hits you!
You writhe in agony.
* * * LOW HITPOINT WARNING * * *
Casting: Sticky Flame
Confirm with . or Enter, or press ? or * to list all spells.
Aiming: Sticky Flame
Press: ? - help, Shift-Dir - straight line, f/p - Grinder
Aim: Grinder (severely wounded, covered in liquid flames)
The sticky flame hits Grinder.
Grinder is severely wounded.
Grinder is covered in liquid flames!
Grinder burns!
Grinder closely misses you.
Casting: Sticky Flame
Confirm with . or Enter, or press ? or * to list all spells.
Okay, then.
Grinder burns!
Grinder burns!
Grinder gestures at you. Pain shoots through your body!
You die...

##)####..#### #..# ####
##.## #######...#######
................####...
#######.#............5.
#.5######........ #..#
....>## ##@# #..### #.#
### #.## #..# ##.# #.#
#.## #..# ##.#


You could see Grinder (burning).

Vanquished Creatures
  A killer bee (D:4)
  A giant mite (D:1)
  7 adders
  A worm (D:2)
  A giant gecko (D:3)
  5 oozes
  An orc (D:3)
  2 ball pythons
  3 giant cockroaches
  8 hobgoblins
  8 kobolds
  5 bats
  3 giant newts
  7 goblins
  A quokka (D:3)
  8 rats
62 creatures vanquished.

Notes
Turn   | Place    | Note
--------------------------------------------------------------
     0 | D:1      | MDvedh, the Deep Elf Fire Elementalist, began the quest for the Orb.
     0 | D:1      | Reached XP level 1. HP: 10/10 MP: 5/5
   134 | D:1      | Reached skill level 4 in Spellcasting
   134 | D:1      | Reached XP level 2. HP: 6/15 MP: 0/9
   991 | D:1      | Reached XP level 3. HP: 19/19 MP: 10/12
  1026 | D:1      | Learned a level 3 spell: Conjure Flame
  1897 | D:2      | Reached XP level 4. HP: 20/24 MP: 10/15
  1949 | D:2      | Learned a level 4 spell: Sticky Flame
  2149 | D:3      | Found a sacrificial altar of Ru.
  2597 | D:3      | Found a sacrificial altar of Ru.
  2611 | D:3      | Found an opulent altar of Gozag.
  2614 | D:3      | Found a shimmering altar of Xom.
  2855 | D:4      | Noticed a phantom
  3209 | D:4      | Reached skill level 5 in Fire Magic
  3209 | D:4      | Reached XP level 5. HP: 11/28 MP: 13/18
  3549 | D:4      | Noticed Grinder
  3568 | D:4      | Killed from afar by Grinder

Action                   |  1- 3 |  4- 6 || total
-------------------------+-------+-------++-------
Melee: Unarmed           |     5 |       ||     5
 Cast: Flame Tongue      |    79 |    47 ||   126
       Conjure Flame     |     1 |     3 ||     4
       Sticky Flame      |       |     3 ||     3
  Eat: Chunk             |     3 |     2 ||     5
       Bread ration      |       |     1 ||     1
